 Dungeon Crawl Stone Soup version 0.26-a0-639-g72c4674329 (webtiles) character file.

Game seed: 17986509482923263826

22671 Apogee the Grappler (level 12, -9/123 HPs)
             Began as a Troll Hunter on Sept 25, 2020.
             Was the Champion of Okawaru.
             Mangled by a white ugly thing (19 damage)
             ... on level 13 of the Dungeon.
             The game lasted 00:41:48 (12111 turns).

Apogee the Grappler (Troll Hunter)                 Turns: 12111, Time: 00:41:49

Health: -9/123     AC: 17    Str: 23    XL:     12   Next: 65%
Magic:  8/14       EV: 12    Int: 11    God:    Okawaru [******]
Gold:   1005       SH:  0    Dex: 10    Spells: 11/15 levels left

rFire    . . .     SeeInvis .     - Unarmed
rCold    . . .     Faith    .   (no shield)
rNeg     + . .     Spirit   .   b - +0 acid dragon scales
rPois    .         Reflect  .   (helmet restricted)
rElec    .         Harm     .   u - +0 cloak
rCorr    +         Rampage  .   (gloves unavailable)
MR       .....                  (boots unavailable)
Stlth    ++........             (no amulet)
HPRegen  0.70/turn              B - ring of positive energy
MPRegen  0.14/turn              L - +4 ring of protection

@: heroism
A: large, unfitting armour, claws 3, regeneration 1, shaggy fur 1, tough skin 3
a: Heroism, Finesse, Renounce Religion


You were on level 13 of the Dungeon.
You worshipped Okawaru.
Okawaru was exalted by your worship.
You visited 4 branches of the dungeon, and saw 16 of its levels.
You also visited: Bailey and Ice Cave.

You collected 1039 gold pieces.
You spent 34 gold pieces at shops.

Inventory:

Hand Weapons
 A - the +2 whip of Yeast {vorpal, rElec Str+6}
   (You found it on level 5 of the Dungeon)

   It inflicts extra damage upon your enemies.
   It affects your strength (+6).
   It insulates you from electricity.
 I - a +0 giant club
   (You took it off a two-headed ogre on level 9 of the Dungeon)
Missiles
 a - 6 boomerangs of dispersal {!f}
 d - a throwing net {!f}
 f - 6 curare-tipped darts {!f}
 l - 310 stones
 C - 2 silver boomerangs
 D - 12 large rocks
 H - 34 boomerangs
 Q - 3 javelins (quivered)
Armour
 b - +0 acid dragon scales (worn)
   (You found it on level 11 of the Dungeon)
 u - a +0 cloak (worn)
   (You found it on level 4 of the Dungeon)
Jewellery
 e - an uncursed amulet of regeneration
   (You found it on level 9 of the Dungeon)
 B - a ring of positive energy (left claw)
   (You found it on level 5 of the Dungeon)
 G - an uncursed ring of fire
   (You found it on level 4 of the Dungeon)
 L - a +4 ring of protection (right claw)
   (You found it on level 10 of the Dungeon)
Wands
 c - a wand of disintegration (11)
   (You found it on level 7 of the Dungeon)
 t - a wand of flame (46)
   (You found it on level 5 of the Dungeon)
 x - a wand of acid (10)
   (You found it on level 9 of the Dungeon)
Scrolls
 g - 5 scrolls of noise {unknown}
 h - 2 scrolls of enchant weapon
 j - a scroll of enchant armour {unknown}
 k - 5 scrolls of teleportation {@r4}
 m - a scroll of fog {unknown}
 o - 2 scrolls of random uselessness {unknown}
 r - 2 scrolls of magic mapping {unknown}
 s - 4 scrolls of remove curse {@r2}
 y - a scroll of immolation {unknown}
 E - 3 scrolls of fear {unknown}
 F - a scroll of vulnerability {unknown}
Potions
 i - a potion of mutation {unknown}
 n - 3 potions of heal wounds {@q2}
 p - 3 potions of flight
 q - 5 potions of ambrosia
 w - 2 potions of brilliance
 z - a potion of lignification {unknown}
 J - 2 potions of curing {@q1}
 M - 4 potions of haste {@q3}
 N - 3 potions of resistance {unknown}
 O - 2 potions of experience {unknown}


   Skills:
 + Level 9.3(14.3) Fighting
 - Level 10.0(15.0) Throwing
 - Level 4.0(9.0) Armour
 * Level 2.9(7.9) Dodging
 - Level 0.3(5.3) Stealth
 + Level 11.4(16.4) Unarmed Combat
 - Level 2.0 Spellcasting
 - Level 2.0 Translocations
 - Level 4.0 Ice Magic
 * Level 4.6 Invocations


You had 11 spell levels left.
You knew the following spells:

 Your Spells              Type           Power        Failure   Level
a - Ozocubu's Armour      Ice            #.......     21%         3
c - Apportation           Tloc           #.....       16%         1

Your spell library contained the following spells:

 Spells                   Type           Power        Failure   Level
 Freeze                   Ice            #...         7%          1
 Frozen Ramparts          Ice            #.....       21%         3
 Animate Skeleton         Necr           #.....       34%         1
 Corona                   Hex            #......      34%         1
 Summon Small Mammal      Summ           #...         34%         1
 Call Imp                 Summ           #.......     45%         2
 Passwall                 Tmut/Erth      #.......     45%         2
 Swiftness                Air            #.......     45%         2
 Call Canine Familiar     Summ           #.......     71%         3
 Summon Guardian Golem    Hex/Summ       #.......     71%         3
 Hailstorm                Conj/Ice       #.......     83%         4
 Passage of Golubria      Tloc           N/A          83%         4
 Summon Ice Beast         Ice/Summ       #.......     83%         4
 Summon Lightning Spire   Summ/Air       #.......     98%         4
 Bolt of Magma            Conj/Fire/Erth #.........   100%        5
 Iskenderun's Battlesphe  Conj           #.......     100%        5
 Lee's Rapid Deconstruct  Erth           #.........   100%        5
 Invisibility             Hex            #.......     100%        6
 Iron Shot                Conj/Erth      #.........   100%        6
 Orb of Destruction       Conj           #.........   100%        7
 Spellforged Servitor     Conj/Summ      #.........   100%        7


Dungeon Overview and Level Annotations

Branches:
Dungeon (13/15)            Temple (1/1) D:7            Lair (1/6) D:8
    Orc (1/2) D:9          Bailey (visited)           IceCv (visited)
 Vaults: D:13-14

Altars:
Ashenzari
Cheibriados
Dithmenos
Elyvilon
Fedhas
Gozag
Hepliaklqana
Kikubaaqudgha
Makhleb
Nemelex Xobeh
Okawaru
Qazlal
Ru
Sif Muna
Trog
Uskayaw
Vehumet
Wu Jian
Xom
Yredelemnul
Zin
The Shining One

Shops:
D:6 [   D:9 =(*(

Annotations:
D:9 2 transporters, Flugslaktarn's ghost, novice DDFi
Lair:1 Fannar


Innate Abilities, Weirdness & Mutations

You are too large for most types of armour.
You have claws for hands.
Your natural rate of healing is unusually fast.
You are covered in fur. (AC +1)
You have extremely tough skin. (AC +3)


Message History

You barely miss the skeletal warrior. You closely miss the skeletal warrior.
The skeletal warrior hits you but does no damage.
You claw the skeletal warrior!
The skeletal warrior hits you but does no damage.
You scratch the skeletal warrior. You claw the skeletal warrior!
The skeletal warrior barely misses you.
You scratch the skeletal warrior but do no damage.
You mangle the skeletal warrior!!
The skeletal warrior hits you with a +0 mace!
You barely miss the skeletal warrior.
The skeletal warrior hits you but does no damage.
You mangle the skeletal warrior!!
You destroy the skeletal warrior!
Okawaru is honoured by your kill.
You scratch the white ugly thing but do no damage.
The white ugly thing pecks you! The white ugly thing freezes you!!
You mangle the white ugly thing!! Your claw misses the white ugly thing.
A skeletal warrior comes into view. It is wielding a +1 long sword.
Your magical contamination has completely faded away.
You mangle the white ugly thing!! Your claw misses the white ugly thing.
The white ugly thing pecks you but does no damage.
You scratch the white ugly thing. The white ugly thing pecks you!
The white ugly thing freezes you!!
* * * LOW HITPOINT WARNING * * *
Throwing (i - inventory. (/) - cycle)
H - 34 boomerangs (quivered)
Aim: a white ugly thing (severely wounded)
Okay, then.
Throwing (i - inventory. (/) - cycle)
Q - 5 javelins (quivered)
Aim: a skeletal warrior, wielding a +1 long sword You throw a javelin.
The javelin pierces through the white ugly thing.
The javelin pierces through the skeletal warrior.
The javelin completely misses the skeletal warrior.
Throwing (i - inventory. (/) - cycle)
Q - 4 javelins (quivered)
Aim: a skeletal warrior, wielding a +1 long sword You throw a javelin.
The javelin pierces through the white ugly thing but does no damage.
The javelin closely misses the skeletal warrior.
The javelin barely misses the skeletal warrior.
The white ugly thing pecks you.
* * * LOW HITPOINT WARNING * * *
The white ugly thing freezes you!!
* * * LOW HITPOINT WARNING * * *
A skeletal warrior comes into view. It is wielding a +0 hand axe.
Your icy armour cracks and falls away as you move.
The white ugly thing pecks you!
* * * LOW HITPOINT WARNING * * *
The white ugly thing freezes you!!
You die...

.u##"..### ..# # .......
..# #.## # #.?.# ####...
#.# #. #z# #....... #.
#... #)###.#..... #.
##...##z#.........# ##.
.......z#.#.#......## ##.#
......†.u...........###†##
##.#.####@#.###.#.........
#^#............###.#.####
#.######.#.#######.#.#
#.######.#......<..#.#
#...[....###########.#
########## #.# #.# #.. ###


You could see a white ugly thing and 2 skeletal warriors.

Vanquished Creatures
  An orc warlord (Bailey)
  An ettin (Orc:1)
  3 two-headed ogres
  3 death yaks (D:8)
  Urug (D:11)
  A skeletal warrior (D:13)
  An unseen horror (D:12)
  An orc knight (Bailey)
  A cyclops (D:12)
  A gargoyle (D:11)
  An ice devil (IceCv)
  A tengu conjurer (D:11)
  6 trolls
  A meliai (shapeshifter) (D:11)
  A hippogriff (D:12)
  A meliai zombie (D:13)
  2 shadows
  21 yaks
  A wyvern (D:11)
  A steam dragon (D:11)
  Menkaure (D:4)
  7 vampire mosquitoes
  A warg (Orc:1)
  An acid dragon (D:11)
  5 orc warriors
  2 phantoms
  2 sky beasts
  2 ice beasts
  A black bear (D:7)
  11 centaurs
  10 ogres
  5 big kobolds
  9 bullfrogs
  4 scorpions
  8 killer bees
  8 wights
  2 howler monkeys
  2 centaur zombies
  2 bullfrog zombies (D:12)
  3 jellies
  4 hounds
  5 orc priests
  A bullfrog skeleton (D:11)
  14 orc wizards
  6 centaur skeletons
  4 iguanas
  6 worker ants
  2 worker ant zombies
  7 gnolls
  20 adders
  2 shadow imps
  2 white imps
  An ufetubus (D:6)
  2 adder skeletons
  2 adder zombies (D:7)
  2 worms
  A dart slug (D:2)
  8 leopard geckos
  52 orcs
  2 ball pythons (D:2)
  2 giant cockroaches
  6 goblins
  6 hobgoblins
  3 jackals (D:6)
  A quokka (D:10)
  5 bats
  3 frilled lizards
  A jackal skeleton (D:9)
  39 kobolds
  3 rats
  A toadstool (D:2)
349 creatures vanquished.

Vanquished Creatures (others)
  An orc (D:11)
  A fungus (D:2)
  3 toadstools (D:2)
5 creatures vanquished.

Grand Total: 354 creatures vanquished

Notes
Turn   | Place    | Note
-------+----------+-------------------------------------------
     0 | D:1      | Apogee the Troll Hunter began the quest for the Orb.
     0 | D:1      | Reached XP level 1. HP: 19/19 MP: 0/0
   250 | D:1      | Reached skill level 1 in Unarmed Combat
   286 | D:1      | Reached XP level 2. HP: 21/28 MP: 1/1
   738 | D:2      | Found a shattered altar of Ashenzari.
   798 | D:2      | Reached XP level 3. HP: 28/35 MP: 2/2
   895 | D:2      | Reached skill level 2 in Unarmed Combat
  1382 | D:2      | Found a glowing silver altar of Zin.
  1465 | D:3      | Reached XP level 4. HP: 42/42 MP: 3/3
  1778 | D:4      | Reached skill level 3 in Unarmed Combat
  1972 | D:4      | Reached XP level 5. HP: 37/50 MP: 4/4
  2133 | D:4      | Reached skill level 4 in Unarmed Combat
  2133 | D:4      | Reached XP level 6. HP: 39/59 MP: 5/5
  2289 | D:4      | Found a bloodstained altar of Trog.
  2300 | D:4      | Noticed Menkaure
  2303 | D:4      | Killed Menkaure
  2519 | D:5      | Entered Level 5 of the Dungeon
  2595 | D:5      | Reached skill level 5 in Unarmed Combat
  2617 | D:5      | Reached XP level 7. HP: 57/67 MP: 6/6
  2737 | D:5      | Reached skill level 5 in Throwing
  3062 | D:5      | Got a bloodstained whip
  3564 | D:6      | Reached XP level 8. HP: 78/78 MP: 7/7
  3626 | D:5      | Reached skill level 6 in Unarmed Combat
  4357 | D:6      | Found a glowing silver altar of Zin.
  4424 | D:6      | Found a shimmering altar of Xom.
  4424 | D:6      | Found a faded altar of an unknown god.
  4429 | D:6      | Found a hazy altar of Hepliaklqana.
  4431 | D:6      | Found a radiant altar of Vehumet.
  4432 | D:6      | Found a faded altar of an unknown god.
  4466 | D:6      | Found Ysotak's Armour Emporium.
  4614 | D:7      | Found a staircase to the Ecumenical Temple.
  4620 | Temple   | Entered the Ecumenical Temple
  4779 | Temple   | Became a worshipper of Warmaster Okawaru
  4830 | D:7      | Reached skill level 5 in Fighting
  4836 | D:7      | Reached XP level 9. HP: 74/88 MP: 8/8
  4895 | D:7      | Reached skill level 7 in Unarmed Combat
  5038 | D:7      | Learned a level 3 spell: Ozocubu's Armour
  5307 | D:7      | Reached * piety under Okawaru
  5683 | D:8      | Noticed a death yak
  5686 | D:8      | Noticed a death yak
  5687 | D:8      | Noticed a death yak
  5692 | D:8      | Killed a death yak
  5692 | D:8      | Reached skill level 1 in Invocations
  5713 | D:8      | Killed a death yak
  5713 | D:8      | Reached ** piety under Okawaru
  5713 | D:8      | Reached skill level 8 in Unarmed Combat
  5713 | D:8      | Reached XP level 10. HP: 58/98 MP: 7/10
  5720 | D:8      | Killed a death yak
  5826 | D:8      | Found a staircase to the Lair.
  5916 | D:8      | Learned a level 1 spell: Apportation
  6547 | D:9      | Noticed a two-headed ogre
  6555 | D:9      | Killed a two-headed ogre
  6555 | D:9      | Reached *** piety under Okawaru
  6555 | D:9      | Received a gift from Okawaru
  6715 | D:9      | Reached skill level 10 in Throwing
  6747 | D:9      | Found a staircase to the Orcish Mines.
  6824 | D:9      | Found Lotat's Jewellery Shoppe.
  6870 | D:9      | Found Cybed's Antique Weapon Shoppe.
  6873 | D:9      | Found Vucheuxu's Weapon Emporium.
  6940 | D:9      | Found a transporter.
  6942 | D:9      | Noticed a cyclops
  6945 | D:9      | Noticed Flugslaktarn's ghost (novice DDFi)
  6946 | D:9      | Noticed a two-headed ogre
  6947 | D:9      | Found a bloodstained altar of Trog.
  6953 | D:9      | Noticed a two-headed ogre
  6953 | D:9      | Noticed a moth of wrath
  6955 | D:9      | Noticed a two-headed ogre
  6972 | D:9      | Found a transporter.
  7019 | D:9      | Found Ugaptaz's General Store.
  7025 | D:9      | Bought a scroll of identify for 34 gold pieces
  7058 | D:9      | Found a bloodstained altar of Trog.
  7059 | D:9      | Found an ornate altar of the Wu Jian Council.
  7141 | D:10     | Entered Level 10 of the Dungeon
  7301 | D:10     | Received a gift from Okawaru
  7322 | D:10     | Reached skill level 9 in Unarmed Combat
  7566 | D:10     | Found a flagged portal.
  7574 | D:10     | Received a gift from Okawaru
  7588 | Bailey   | Entered a bailey
  7595 | Bailey   | Noticed an orc warlord
  7875 | Bailey   | Noticed an orc knight
  7902 | Bailey   | Killed an orc knight
  7902 | Bailey   | Reached XP level 11. HP: 51/109 MP: 11/13
  8026 | Bailey   | Found a runed translucent gate.
  8027 | Bailey   | Found a runed translucent gate.
  8033 | Bailey   | Found a runed translucent gate.
  8107 | Bailey   | Killed an orc warlord
  8107 | Bailey   | Reached skill level 1 in Spellcasting
  8107 | Bailey   | Reached skill level 1 in Translocations
  8107 | Bailey   | Reached skill level 1 in Ice Magic
  8228 | Bailey   | Got a masterwork scimitar
  8462 | D:11     | Found a frozen archway.
  8473 | IceCv    | Entered an ice cave
  8503 | IceCv    | Reached **** piety under Okawaru
  8715 | Lair:1   | Entered Level 1 of the Lair of Beasts
  8715 | Lair:1   | Noticed Fannar
  8768 | Orc:1    | Entered Level 1 of the Orcish Mines
  8819 | Orc:1    | Noticed an ettin
  8834 | Orc:1    | Killed an ettin
  8834 | Orc:1    | Received a gift from Okawaru
  8834 | Orc:1    | Reached skill level 10 in Unarmed Combat
  9260 | D:11     | Noticed Urug
  9273 | D:11     | Killed Urug
  9465 | D:11     | Received a gift from Okawaru
  9532 | D:11     | Reached skill level 1 in Armour
  9570 | D:11     | Reached ***** piety under Okawaru
  9782 | D:11     | Noticed a cyan ugly thing
  9794 | D:10     | HP: 4/111 [cyan ugly thing (12)]
 10263 | D:11     | Received a gift from Okawaru
 10879 | D:12     | Received a gift from Okawaru
 10920 | D:12     | Reached XP level 12. HP: 122/122 MP: 10/14
 11131 | D:12     | Noticed a two-headed ogre
 11136 | D:12     | Killed a two-headed ogre
 11293 | D:12     | Noticed a two-headed ogre
 11302 | D:12     | Killed a two-headed ogre
 11302 | D:12     | Reached skill level 11 in Unarmed Combat
 11422 | D:12     | Identified the cursed +2 whip of Yeast {vorpal, rElec
                  | Str+6} (You found it on level 5 of the Dungeon)
 11424 | D:12     | Identified the cursed +3 scimitar of the Valley of Death
                  | {pain, rElec Dex+4} (You found it in a bailey)
 12001 | D:13     | Reached ****** piety under Okawaru
 12111 | D:13     | Mangled by a white ugly thing

Illustrated notes

Levels and vault maps discovered:
D:1:      kennysheep_arrival_seaside, layout_basic, serial_corexii_hall,
          corexii_hall_statues_i, corexii_hall_statues_t,
          chequers_hall_statues_corner_a, corexii_hall_statues_l, hex_large,
          chequers_serial_rivers_micro_d
D:2:      layout_basic, lemuel_doored_altar, minmay_gold_behind_fungi,
          evilmike_ruin_ashenzari
D:3:      layout_basic
D:4:      layout_cave_pools, lemuel_altar_in_water, uniq_menkaure
D:5:      layout_loops_cross
D:6:      layout_basic, chequers_temple_overflow_minitemple, serial_shops, shop,
          basic_altar
D:7:      layout_loops_ring, minmay_temple_entry_tees, minmay_microvault
D:8:      layout_basic, dpeg_lair_monsters
D:9:      layout_rooms, gammafunk_temple_overflow_statue, orc_david_3,
          gammafunk_ghost_wrathful_warriors, serial_shops, shop,
          nicolae_shop_crystal, nicolae_shop_temple_entry_statues_fountains,
          shop
D:10:     layout_gridville, enter_bailey_2
D:11:     minmay_opposing_rooms, layout_stronghold,
          portal_ice_cave_entry_pillars_2, uniq_urug
D:12:     layout_stronghold
D:13:     layout_loops_ring, david_vaults_4, basic_altar, lemuel_centaur_altar
Temple:   regret_index_temple_sphere_string
Lair:1:   layout_cave_shapes, uniq_grum, uniq_fannar
Orc:1:    layout_caves, uniq_jorgrun

Skill      XL: |  1  2  3  4  5  6  7  8  9 10 11 12 |
---------------+-------------------------------------+-----
Unarmed Combat | 1 2 3 4 5 6 8 9 10 11 | 11.4
Fighting       | 2 3 4 5 6 7 8 9 |  9.3
Throwing       | 4 6 7 9 10 | 10.0
Invocations    | 2 4 |  4.6
Spellcasting   | 2 |  2.0
Translocations | 2 |  2.0
Ice Magic      | 4 |  4.0
Armour         | 2 4 |  4.0
Dodging        | 2 |  2.9
Stealth        | |  0.3

Action                   |  1- 3 |  4- 6 |  7- 9 | 10-12 || total
-------------------------+-------+-------+-------+-------++-------
Melee: Unarmed           |    97 |   129 |   265 |   566 ||  1057
       Punch             |     1 |       |     9 |    28 ||    38
Throw: Stone             |       |    20 |   104 |     6 ||   130
       Large rock        |       |     3 |    11 |    21 ||    35
       Throwing net      |       |       |     2 |     1 ||     3
       Boomerang         |       |       |       |   145 ||   145
       Dart              |       |       |       |     4 ||     4
       Javelin           |       |       |       |     3 ||     3
 Cast: Apportation       |       |       |       |    10 ||    10
       Ozocubu's Armour  |       |       |       |    12 ||    12
Invok: Heroism           |       |       |     1 |    12 ||    13
  Use: Potion            |       |       |     5 |     4 ||     9
       Scroll            |       |       |     1 |    13 ||    14
 Stab: Sleeping          |     1 |       |     1 |     1 ||     3
       Held in net/web   |       |       |     4 |       ||     4
Armor: Robe              |    30 |    41 |    88 |    39 ||   198
       Troll leather arm |       |       |       |    80 ||    80
       Acid dragon scale |       |       |       |   140 ||   140
Dodge: Dodged            |    33 |    50 |   123 |   253 ||   459

Table legend: (Time is in decaauts)
 A = Elapsed time spent in this place.
 B = Non-inter-level travel time spent in this place.
 C = Inter-level travel time spent in this place.
 D = Time resting spent in this place.
 E = Time spent auto-exploring this place.
 F = Levels seen in this place.
 G = Mean time per level.
                   A        B        C        D        E       F      G
               +--------+--------+--------+--------+--------+-----+--------+
         Total |  11893 |  11147 |    746 |   1732 |   5863 |  18 |  660.7 |
       Dungeon |  10658 |   9974 |    684 |   1280 |   5572 |  13 |  819.8 |
        Temple |    175 |    138 |     37 |      0 |    136 |   1 |  175.0 |
          Lair |      1 |      1 |      0 |      0 |      0 |   1 |    1.0 |
  Orcish Mines |    366 |    342 |     24 |    146 |    136 |   1 |  366.0 |
        Bailey |    637 |    637 |      0 |    305 |      2 |   1 |  637.0 |
      Ice Cave |     54 |     54 |      0 |      0 |     17 |   1 |   54.0 |
               +--------+--------+--------+--------+--------+-----+--------+

Top non-repeatable levels by time:
    D:11: 1234 daAuts
     D:6: 1103 daAuts
    D:10: 992 daAuts
     D:8: 975 daAuts
    D:12: 971 daAuts
     D:9: 959 daAuts
     D:5: 951 daAuts
     D:7: 786 daAuts
     D:2: 750 daAuts
     D:4: 715 daAuts
     D:1: 683 daAuts
  Bailey: 637 daAuts
   Orc:1: 366 daAuts
     D:3: 363 daAuts
  Temple: 175 daAuts
